Description

Using the second pylon as a proxy for stargate build oracles to harass enemy.

Replay - Oracle Proxy

Build Order

Get SALT Encoding   

  12  0:01  Probe (Chrono Boost)  
  13  0:11  Probe (Chrono Boost)  
  14  0:18  Pylon  
  14  0:27  Probe (Chrono Boost)  
  15  0:37  Probe (Chrono Boost)  
  15  0:38  Gateway  
  16  0:46  Assimilator  
  16  0:51  Assimilator  
  16  0:55  Probe (Chrono Boost)  
  17  1:06  Probe (Chrono Boost)  
  18  1:17  Probe (Chrono Boost)  
  19  1:28  Cybernetics Core  
  19  1:37  Probe (Chrono Boost)  
  20  1:48  Probe (Chrono Boost), Pylon  
  21  2:00  Probe (Chrono Boost)  
  22  2:07  Adept  
  24  2:12  Stargate  
  24  2:14  Mothership Core (Chrono Boost)  
  26  2:16  Warp Gate  
  27  2:52  Nexus  
  27  3:00  Oracle (Chrono Boost)  
  31  3:19  Pylon  
  31  3:29  Gateway x2  
  32  3:45  Oracle (Chrono Boost)  
  39  4:27  Oracle (Chrono Boost)  
  44  4:48  Assimilator x2  
  46  5:04  Pylon  
  46  5:05  Adept x3  
  54  5:22  Oracle (Chrono Boost)  
Spawning Tool Build Advisor. Get it on Overwolf

Analysis

Transition into a robo or full sky fleet for late game. Or transfer into archon/templar drops once they bulk up against the oracle harass.

Go to:

Details

  • Created by: PixelMush
  • Published on: Nov 08, 2017
  • Modified on: Nov 08, 2017
  • Patch: 3.8.0
Show
View Real Time Build Order
Export as new Build Order

Comments (0)

There are no comments. Be the first!

Create an account to comment!